 Seeded DCSS version 0.28-a0-1510-gd0f6b136d3 (webtiles) character file.

Game seed: 2083748625043841494 (custom seed)

21 psuckher the Firebug (level 2, -1/20 HPs)
             Began as a Draconian Fire Elementalist on Jan 14, 2022.
             Slain by an iron imp (5 damage)
             ... summoned by Natasha
             ... on level 2 of the Dungeon.
             The game lasted 00:06:34 (1193 turns).

psuckher the Firebug (Draconian Fire Elementalist)  Turns: 1193, Time: 00:06:35

Health: -1/20      AC:  4    Str: 10    XL:     2   Next: 62%
Magic:  5/5        EV: 12    Int: 15    God:
Gold:   21         SH:  0    Dex: 11    Spells: 2/5 levels left

rFire   . . .      SeeInvis .   (no weapon)
rCold   . . .      Faith    .   (no shield)
rNeg    . . .      Spirit   .   (armour unavailable)
rPois   .          Reflect  .   (helmet restricted)
rElec   .          Harm     .   (no cloak)
rCorr   .          Rampage  .   (no gloves)
Will    .....                   (no boots)
Stlth   ++........              (no amulet)
HPRegen 0.06/turn               (no ring)
MPRegen 0.09/turn               (no ring)

@: no status effects
A: AC +4, unfitting armour, cold-blooded
a: no special abilities


You were on level 2 of the Dungeon.
You visited 1 branch of the dungeon, and saw 2 of its levels.

You collected 21 gold pieces.

Inventory:

Armour
 c - a +0 chain mail


   Skills:
 + Level 1.9 Dodging
 + Level 1.8 Stealth
 + Level 0.2 Unarmed Combat
 * Level 2.3 Spellcasting
 * Level 1.3 Conjurations
 * Level 3.4 Fire Magic


You had 2 spell levels left.
You knew the following spells:

 Your Spells              Type           Power      Damage    Failure   Level
a - Foxfire               Conj/Fire      32%        2x1d5     9%          1
b - Scorch                Fire           22%        2d6       9%          2

Your spell library contained the following spells:

 Spells                   Type           Power      Damage    Failure   Level
 Conjure Flame            Conj/Fire      8%         6-21      24%         3
 Inner Flame              Hex/Fire       6%         N/A       32%         3
 Flame Wave               Conj/Fire      8%         2d4       63%         4


Dungeon Overview and Level Annotations

Branches:
Dungeon (2/15)

Altars:

Annotations:
D:2 Natasha


Innate Abilities, Weirdness & Mutations

Your plain brown scales are hard. (AC +4)
You cannot fit into any form of body armour.
You are cold-blooded and may be slowed by cold attacks.


Message History

You tail-slap the kobold, but do no damage.
The kobold barely misses you.
You barely miss the kobold. The kobold hits you with a +0 dagger.
You hit the kobold but do no damage.
You tail-slap the kobold, but do no damage.
The adder bites you but does no damage. The kobold hits you with a +0 dagger.
You hit the kobold.
You tail-slap the kobold, but do no damage.
The kobold is heavily wounded.
The adder closely misses you. The kobold hits you but does no damage.
Sorry, you're not good enough to have a special ability.
Natasha mumbles some strange words.
You feel disoriented. The adder closely misses you.
Natasha mumbles some strange words.
The adder bites you but does no damage.
Natasha casts a spell.
You hit the adder but do no damage.
Your tail-slap misses the adder.
The adder misses you.
You miss the adder.
You tail-slap the adder, but do no damage.
The adder bites you.
* * * LOW HITPOINT WARNING * * *
The adder barely misses you.
It was a potion of curing.
You feel better. The adder closely misses you.
You closely miss the adder. The adder bites you but does no damage.
You miss the adder. The adder closely misses you. The adder misses you.
You barely miss the adder. The adder barely misses you.
You miss the adder. The adder closely misses you.
Natasha mumbles some strange words.
You completely miss the adder. The adder barely misses you.
The adder bites you.
You barely miss the adder. The iron imp barely misses you.
The adder barely misses you.
You barely miss the iron imp. The adder barely misses you.
The iron imp hits you!
* * * LOW HITPOINT WARNING * * *
You hit the iron imp but do no damage. The adder bites you but does no damage.
The iron imp hits you.
You die...

## .. . #. .. #. ##.# #.
.....#. #.....########
#.w55KhS@#
........#####5#######
.###.##.#####.......###
.. #.##.......##>..# ...
#.##.##.##....#.# #####
.#
#.##.##.#####...###...#
#.......#####.........#
####.##.......#####...##
# ######### #......


You could see a worm, 2 iron imps, Natasha, an adder, a shadow imp (summoned)
and a kobold.

Vanquished Creatures
  An adder (D:2)
  3 giant cockroaches
  A goblin (D:1)
  2 quokkas (D:1)
  A ball python (D:1)
  2 bats (D:1)
  A frilled lizard (D:1)
  A rat (D:1)
12 creatures vanquished.

Notes
Turn   | Place    | Note
-------+----------+-------------------------------------------
     0 | D:1      | psuckher the Draconian Fire Elementalist began the quest
                  | for the Orb.
     0 | D:1      | Reached XP level 1. HP: 14/14 MP: 3/3
   242 | D:1      | Reached XP level 2. HP: 8/20 MP: 5/5
   252 | D:1      | Learned a level 2 spell: Scorch
  1167 | D:2      | Noticed Natasha
  1193 | D:2      | Slain by an iron imp

Illustrated notes

Levels and vault maps discovered:
D:1:      nzn_arrival_depleted_hourglass, layout_basic, serial_glass,
          glass_columns_b, glass_columns_a, glass_columns_a, glass_columns_a,
          glass_columns_b, glass_columns_c, glass_columns_c, glass_columns_c,
          glass_columns_b, glass_columns_b, glass_columns_b, glass_columns_a,
          glass_columns_a, glass_columns_b
D:2:      layout_loops_cross, shapermc_ecumenical_altar_petra,
          uniq_crazy_yiuf_cottage, uniq_robin, uniq_natasha

Action                   || total
-------------------------++-------
Melee: Unarmed           ||   103
       Tailslap          ||    10
  Use: Scroll            ||     1
       Potion            ||     1
 Stab: Sleeping          ||     2
Armor: Skin              ||    36
Dodge: Dodged            ||    88

Table legend: (Time is in decaauts)
 A = Elapsed time spent in this place.
 B = Non-inter-level travel time spent in this place.
 C = Inter-level travel time spent in this place.
 D = Time resting spent in this place.
 E = Time spent auto-exploring this place.
 F = Levels seen in this place.
 G = Mean time per level.
                   A        B        C        D        E       F      G
               +--------+--------+--------+--------+--------+-----+--------+
         Total |   1197 |   1029 |    168 |      0 |      0 |   2 |  598.5 |
       Dungeon |   1197 |   1029 |    168 |      0 |      0 |   2 |  598.5 |
               +--------+--------+--------+--------+--------+-----+--------+

Top non-repeatable levels by time:
     D:1: 1072 daAuts
     D:2: 124 daAuts
